Cogmind - Beta 14 @@@ ROGUE MODE // 2025.03.16 @ 18:49:02 Player: Lava Result: Destroyed by G-34 Mercenary with Small Laser Performance ------------- Evolutions (0) 0 Regions Visited (2) 400 Robots Destroyed (28) 140 Value Destroyed (588) 588 Prototype IDs (2) 40 Alien Tech Used (0) 0 Bonus (0) 0 TOTAL SCORE: 1168 Bonus ------- None Cogmind --------- Core Integrity 0/250 Matter 300/300 Energy 228/250 System Corruption 0% Temperature Cool (56) Movement Core (900) Ox17 Location -10/Mines Parts ------- > --- POWER (1) -------- Ion Engine > --- PROPULSION (2) --- (None) > --- UTILITY (2) ------ High-capacity Storage Unit Sensor Array > --- WEAPON (2) ------- Improved EM Shotgun Improved EM Shotgun > --- INVENTORY (20) --- Ion Engine Ion Engine Ion Engine Light Ion Engine Wheel Wheel Terrain Scan Processor Seismic Detector ECM Suite Weapon Shielding Weapon Shielding EM Shotgun EM Shotgun EM Shotgun EM Shotgun Light Assault Rifle Light Assault Rifle Light Assault Rifle Heavy Hammer Peak State ------------ > --- POWER ------------ Ion Engine > --- PROPULSION ------- Aluminum Leg Aluminum Leg > --- UTILITY ---------- High-capacity Storage Unit Sensor Array > --- WEAPON ----------- Improved EM Shotgun Improved EM Shotgun > --- INVENTORY -------- Ion Engine Light Ion Engine Wheel Wheel Terrain Scan Processor Seismic Detector ECM Suite EM Shotgun EM Shotgun EM Shotgun Improved EM Shotgun Light Assault Rifle Light Assault Rifle Heavy Hammer [Rating: 13] Favorites ----------- Power Ion Engine Engine Ion Engine Propulsion Aluminum Leg Treads Light Treads Leg Aluminum Leg Utility Sensor Array Device Sensor Array Storage High-capacity Storage Unit Protection Light Armor Plating Weapon Improved EM Shotgun Energy Gun Improved EM Shotgun Impact Weapon Heavy Hammer Build | -11 -10 -10 ------- Run | Yrd Mat Min Slots Evolved . | . . . Power . | . . . Propulsion . | . . . Utility . | . . . Weapon . | . . . Parts Attached 19 | 6 12 1 Power 3 | 1 2 . Engine 3 | 1 2 . Core . | . . . Reactor . | . . . Propulsion 4 | 2 2 . Treads 2 | 2 . . Leg 2 | . 2 . Wheel . | . . . Hover . | . . . Flight . | . . . Utility 4 | 1 3 . Device 1 | . 1 . Storage 2 | 1 1 . Processor . | . . . Hackware . | . . . Protection 1 | . 1 . Artifact . | . . . Weapon 8 | 2 5 1 Energy Gun 7 | 2 4 1 Energy Cannon . | . . . Ballistic Gun . | . . . Ballistic Cannon . | . . . Launcher . | . . . Special Weapon . | . . . Impact Weapon 1 | . 1 . Slashing Weapon . | . . . Piercing Weapon . | . . . Special Melee Weapon . | . . . Unidentified Prototypes 1 | . 1 . Parts Lost 8 | . 5 3 Power 1 | . 1 . Propulsion 4 | . 2 2 Utility 1 | . 1 . Weapon 2 | . 1 1 Highest Loss Streak 3 | . 3 2 To Critical Strikes 1 | . 1 . Average Slot Usage (%) 96 | . 95 100 Engine 13 | . 13 14 Treads 9 | . 10 . Leg 18 | . 17 28 Device 11 | . 11 14 Storage 14 | . 14 14 Protection 1 | . 1 . Energy Gun 24 | . 24 28 Impact Weapon 1 | . 1 . Peak Build Rating 13 | 6 13 13 Average Rating 10 | 3 10 12 On Entrance 6 | . 6 13 Naked Turns . | . . . Heaviest Build 52 | 12 52 52 Greatest Support 40 | 40 40 20 Greatest Overweight (x) 2 | . 2 2 Average Overweight (x) 1 | . 1 2 Largest Inventory Capacity 20 | 8 20 20 Average Capacity 17 | 7 17 20 Most Carried 19 | 8 19 19 Average Carried 12 | 5 12 18 Final Capacity 20 | 8 20 20 Final Carried 19 | 6 19 19 Class Distribution -------------------- 100% | Mutant Dominant Class ---------------- Mutant | -10/Materials Mutant | -10/Mines Resources | -11 -10 -10 ----------- Run | Yrd Mat Min Matter Collected 417 | 220 187 10 Remotely . | . . . Salvage Created 847 | . 564 283 Parts 53 | . 41 12 Haulers Intercepted . | . . . Recyclers Shooed 1 | . . 1 Parts Field Recycled . | . . . Retrieved Matter . | . . . Parts Self-Destructed . | . . . Prevented . | . . . Kills | -11 -10 -10 ------- Run | Yrd Mat Min Combat Hostiles Destroyed 20 | . 13 7 Guns 18 | . 11 7 AOE 1 | . 1 . Classes Destroyed 6 | . 6 . Worker 3 | . 2 1 Builder 1 | . 1 . Operator 1 | . 1 . Watcher 3 | . 3 . Swarmer 9 | . 6 3 Grunt 11 | . 7 4 Best Kill Streak 6 | . 6 4 Combat Bots Only 6 | . 6 4 Max Kills in Single Turn 2 | . 2 2 Gunslinging 1 | . 1 1 Exploded 1 | . 1 . Melee . | . . . Uniques/NPCs Destroyed . | . . . Combat | -11 -10 -10 -------- Run | Yrd Mat Min Hostile Shots Fired 137 | . 95 42 Missed 33 | . 24 9 Damage Taken 1294 | . 896 398 Core 250 | . 202 48 Absorbed by Shields . | . . . Core Remaining (%) 100 | 100 . . Volleys Fired 76 | . 64 12 Largest 2 | . 2 2 Hottest 90 | . 90 90 Shots Fired 134 | . 110 24 Gun 134 | . 110 24 Cannon . | . . . Launcher . | . . . Special . | . . . Kinetic . | . . . Thermal 52 | . 52 . Explosive . | . . . Electromagnetic 82 | . 58 24 Robot Hit Streak 12 | . 7 12 Robot Miss Streak 16 | . 16 5 Penetration Max . | . . . Secondary Targets 4 | . 2 2 Max Gunslinging Chain 1 | . 1 1 Shots Hit Robots 82 | . 64 18 Core Hits 45 | . 29 16 Critical Kills . | . . . Critical Parts Destroyed . | . . . Critical Strikes 4 | . 4 . Burn 4 | . 4 . Melee Attacks 3 | . 3 . Impact 3 | . 3 . Slashing . | . . . Piercing . | . . . Sneak Attacks . | . . . Combat Hostiles . | . . . Follow-up Attacks . | . . . Damage Inflicted 1552 | . 1096 456 Guns 1309 | . 955 354 Cannons . | . . . Explosions 237 | . 135 102 Melee . | . . . Ramming 6 | . 6 . Kinetic . | . . . Thermal 613 | . 511 102 Explosive . | . . . Electromagnetic 933 | . 579 354 Impact . | . . . Slashing . | . . . Piercing . | . . . Highest Corruption . | . . . Average Corruption . | . . . Corruption Purged . | . . . Corruption Blocked . | . . . Overload Shots . | . . . Overflow Damage 7 | . 7 . Projectiles . | . . . Explosions 7 | . 7 . Melee . | . . . Knockbacks . | . . . Impact . | . . . Kinetic . | . . . Secondary . | . . . Self-Inflicted Damage . | . . . Shots . | . . . Rammed . | . . . Targets Rammed 1 | . 1 . Kicked 1 | . 1 . Crushed . | . . . Highest Temperature 487 | . 487 162 Average Temperature 129 | . 142 69 Received Heat Transfer 693 | . 483 210 Effects 8 | . 8 . Shutdowns 2 | . 2 . Energy Bleed 3 | . 3 . Interference 2 | . 2 . Matter Decay 1 | . 1 . Siege Activations . | . . . Robots Corrupted . | . . . Combat Hostiles . | . . . Parts Fried 1 | . 1 . Impact Corruptions . | . . . Robots Melted 1 | . 1 . Combat Hostiles 1 | . 1 . Parts Melted 1 | . 1 . Heat Transferred 1671 | . 1571 100 Parts Sabotaged . | . . . Parts Stolen . | . . . Parts Stripped . | . . . Power Chain Reactions 5 | . 3 2 Alert | -11 -10 -10 ------- Run | Yrd Mat Min Peak Influence 201 | . 140 201 Initial 28 | . . 28 Average 44 | . 30 156 Maximum Alert Level 1 | . . 1 Low Security (%) 93 | 100 100 44 Level 1 6 | . . 55 Level 2 . | . . . Level 3 . | . . . Level 4 . | . . . Level 5 . | . . . High Security . | . . . Max Security . | . . . Squads Dispatched 1 | . . 1 Investigation . | . . . Extermination . | . . . Reinforcement . | . . . Assault 1 | . . 1 Garrison . | . . . Intercept . | . . . Searches Triggered . | . . . Construction Impeded . | . . . Haulers Reinforced . | . . . Active Scanning Responses . | . . . Cargo Convoy Interrupts . | . . . Stealth | -11 -10 -10 --------- Run | Yrd Mat Min Distress Signals 1 | . 1 . Communications Jammed . | . . . Distress Signals . | . . . Times Spotted 33 | . 22 11 Peak Tracking Total 4 | . 3 4 Tactical Retreats 1 | . 1 . Traps | -11 -10 -10 ------- Run | Yrd Mat Min Traps Triggered . | . . . Indirectly . | . . . Trap Hack Attempts . | . . . Triggered . | . . . Disarmed . | . . . Reprogrammed . | . . . Reused . | . . . Traps Extracted . | . . . Installed . | . . . Triggered . | . . . Machines | -11 -10 -10 ---------- Run | Yrd Mat Min Machines Disabled . | . . . Max in Single Turn . | . . . Machines Repaired . | . . . Machines Dismantled . | . . . Machines Sabotaged . | . . . Overloaded Fab Kills . | . . . Hacking | -11 -10 -10 --------- Run | Yrd Mat Min Machines Accessed 6 | . 6 . Terminals 6 | . 6 . Fabricators . | . . . Repair Stations . | . . . Recycling Units . | . . . Scanalyzers . | . . . Garrison Access . | . . . Total Hacks 14 | . 14 . Successful 4 | . 4 . Failed 10 | . 10 . Catastrophic 1 | . 1 . Database Lockouts . | . . . Manual . | . . . Terminals 14 | . 14 . Fabricators . | . . . Repair Stations . | . . . Recycling Units . | . . . Scanalyzers . | . . . Garrison Access . | . . . Terminal Hacks 4 | . 4 . Prototype ID Bank 1 | . 1 . Unreport Threat 1 | . 1 . Maintenance Status 1 | . 1 . Transport Status 1 | . 1 . Fabricator Hacks . | . . . Repair Station Hacks . | . . . Recycling Unit Hacks . | . . . Scanalyzer . | . . . Garrison Access Hacks . | . . . Unauthorized Hacks . | . . . Terminals . | . . . Fabricators . | . . . Repair Stations . | . . . Recycling Units . | . . . Scanalyzers . | . . . Garrison Access . | . . . Data Cores Recovered 1 | . 1 . Used . | . . . Hacking Detections 6 | . 6 . Full Trace Events . | . . . Feedback Events . | . . . Feedback Blocked . | . . . Robot Schematics Acquired . | . . . Robots Built . | . . . Authchips . | . . . Time . | . . . Total Robot Build Rating . | . . . Part Schematics Acquired . | . . . Parts Built . | . . . Authchips . | . . . Time . | . . . Total Part Build Rating . | . . . Parts Repaired . | . . . Time . | . . . Parts Recycled . | . . . Recycled Matter . | . . . Retrieved Matter . | . . . Retrieved Components . | . . . Parts Scanalyzed . | . . . Part Schematics Acquired . | . . . Parts Damaged . | . . . Bothacking | -11 -10 -10 ------------ Run | Yrd Mat Min Used RIF Installer . | . . . Robots Hacked . | . . . Non-combat . | . . . Combat . | . . . Robot Hacks Applied . | . . . Relay Couplers Released . | . . . Fabnet Peak Effective % . | . . . Robots Rewired . | . . . Allies Hacked . | . . . Hacks Repelled . | . . . Allies | -11 -10 -10 -------- Run | Yrd Mat Min Total Allies 1 | . . 1 Largest Group . | . . . Highest-Rated Group . | . . . Highest-Rated Ally . | . . . Total Orders . | . . . Ally Attacks . | . . . Total Damage . | . . . Kills . | . . . Allies Corrupted . | . . . Allies Melted . | . . . Intel | -11 -10 -10 ------- Run | Yrd Mat Min Robot Analysis Total . | . . . Derelict Logs Recovered 1 | . . 1 Drone Launches . | . . . Drone Recoveries . | . . . Exploration | -11 -10 -10 ------------- Run | Yrd Mat Min Turns Passed 2264 | 84 1904 276 Spaces Moved 837 | 47 699 91 Core 7 | 7 . . Treads 317 | 40 277 . Legs 513 | . 422 91 Wheels . | . . . Hover . | . . . Flight . | . . . Fastest Speed 50 | 50 160 260 Average Speed 229 | 143 231 260 Slowest Speed 260 | 160 260 260 Overloaded Moves . | . . . Propulsion Burnouts . | . . . Robots Hopped . | . . . Cave-ins Triggered . | . . . Exploration Rate (%) 39 | 6 82 29 Regions Visited 2 Branch Regions 1 Pre-discovered Areas . | . . . Known Exits Taken . | . . . Unknown Exits Taken 2 | 1 1 . Scrap Searched 1 | . . 1 Spaces Dug 3 | . 3 . Terrain Destroyed 22 | . 14 8 Melee 3 | . 3 . Projectile . | . . . AOE 19 | . 11 8 Terrain Rammed . | . . . Walls Destroyed . | . . . Machines Disabled . | . . . Actions | -11 -10 -10 --------- Run | Yrd Mat Min Total 1038 | 64 867 107 Wait 65 | . 63 2 Move 835 | 46 698 91 Hop . | . . . Pick Up 35 | 12 22 1 Fast Attach . | . . . Attach 14 | 6 7 1 Detach . | . . . Swap 5 | . 5 . Drop 4 | . 4 . Fire 76 | . 64 12 Melee 3 | . 3 . Ram . | . . . Kick 1 | . 1 . Crush . | . . . Escape Stasis . | . . . Rewire . | . . . Trap . | . . . Miscellaneous . | . . . Route ------- -11/Scrapyard -10/Materials (discovered 5 exits: [*Mat x3] / [*Min x2]) -10/Mines (discovered 2 exits: [*Mat x2]) History --------- Turn | Location | Event 42 | -11/Scrapyard | Discovered new exit (range 15) 85 | -11/Scrapyard | Entered Materials 315 | -10/Materials | Build established: Mutant 409 | -10/Materials | Core integrity fell below 50% 457 | -10/Materials | Lost 3 parts (1p1u1w) 523 | -10/Materials | Discovered new exit (range 7) 688 | -10/Materials | Discovered new exit (range 5) 1004 | -10/Materials | Discovered new exit (range 11) 1272 | -10/Materials | Discovered new exit (range 7) 1501 | -10/Materials | Discovered new exit (range 11) 1893 | -10/Materials | Core integrity fell below 20% 1989 | -10/Materials | Entered Mines 1995 | -10/Mines | Learned Materials stockpile data 2131 | -10/Mines | Discovered new exit (range 15) 2240 | -10/Mines | Discovered new exit (range 5) 2241 | -10/Mines | Met a Derelict testing a Signal Generator 2265 | -10/Mines | Destroyed by G-34 Mercenary with Small Laser Last Messages --------------- Acquired Lgt. Assault Rifle. Searching scrap... Found Lrg. Storage Unit. Found Hcp. Matter Pod. Found Lgt. Cannon. Found 42 Matter. EXIT=FOUND K-01 Serf collects debris. EXIT=FOUND A derelict emerges from the shadows: "Quiet! I'm testing a new device we can use to divert those annoying Unaware when we need to." Signal Generator broadcasts a burst of procedurally generated transmissions. ALERT: Intercepting significant anomalous signal. Dispatching assault force. W9-7LH(g): "Okay, I guess that means it works. Now let's get out of here!" Critical hit (Burn: +37). Aluminum Leg destroyed. Map ----- +----------------------------------------------------+ | | | | | | | | | | | | | | | | | | | | | | | | | | | | | | | ?????????????????????????????????????????? | | ?????????????????###?????????????????????? | | ??????????????### ##????????????????????? | | ?????????????## #????????????????????? | | ?????????????# #????????????????????? | | ?????????????# & < #????????????????????? | | ??????????????# #?????????????????????? | | ??????????????## ###?????????????????????? | | ???????????????# #??????????#######??????? | | ???????????????# ######?##### ##?????? | | ???????????????# @% ### #?????? | | ???????????????# = g ##????? | | ???????????????##### ggg ##???? | | ???????????????????## % #???? | | ????????????????????## ## #???? | | ?????????????????????## #### ##???? | | ??????????????????????## #??# ##????? | | ???????????????????????# ##?# #?????? | | ??????????????????????## ### #?????# | | ?????????????????????## ## #????## | | ?????????????????????# # ######% | | ?????????????????????# !%] % | | ?????????????????????# ## !=% | | ?????????????????????## #### ########% | | ??????????????????????####??# #??????## | | ????????????????????????????## ##??????## | | ?????????????????????????????####???????# | | ???????????????????????????????????????# | | ??????????????????????????????????????# | | ?????????????????????????????????????# | | ????????????????????????????????????# # | | ???????????????????????????????????# ? | | ?????????????????????????????????? ? | | ????????????????????????????????? ?? | | ????????????????????????????????? ?? | +----------------------------------------------------+ Best States ------------- Heat Dissipation 25 Energy Generation 10 Energy Capacity 250 Matter Stores 300 Matter Capacity 300 Sight Range 16 Robot Scan Range 14 Terrain Scan Density 10 Armor Coverage 150 Evasion (%) 50 Recoil Reduction 2 Item Schematics ----------------- None Robot Schematics ------------------ None Fabricated ------------ Nothing Alien Tech Used ----------------- None Achievements -------------- None Challenges ------------ None Game ------ Seed DirtyFlakLaser Manual? 0 Play Time 00:13:55 Cumulative 16.5 hours Start 2025.03.16 @ 18:28:17 End 2025.03.16 @ 18:49:02 Sessions 1 Manual Loads 0 Difficulty Rogue Special Mode None Game No. 24 Rogue 24 Adventurer 0 Explorer 0 Win Type - Total 0 Types 0/0/0/0/0/0/0/0/0 Lore% 11 Gallery% 20 Achievement% 20 Wizard Run 0 Options --------- Layout 1 ASCII 0 Keyboard 0 Movement Mouse Keybinds 0 Fullscreen 1 Font 32/SmallcapsGlow Map View 50x40 Zoom Use 0% Tactical HUD 0 Map Filters NONE Filters NONE Steam 1 RUN: 63ad04b2-9d76-41c4-8cc0-d9796f8d6f2f